 Dungeon Crawl Stone Soup version 0.30.0-20-g3615ddf2f0 (webtiles) character file.

Game seed: 11814647756942458056

788 qw the Shield-Bearer (level 7, 0/41 HPs)
             Began as a Gargoyle Fighter on June 1, 2023.
             Slain by an ogre
             ... wielding a +0 giant club
              (13 damage)
             ... on level 5 of the Dungeon.
             The game lasted 00:02:06 (4984 turns).

qw the Shield-Bearer (Gargoyle Fighter)             Turns: 4984, Time: 00:02:07

Health: 0/41       AC: 13    Str: 18 (21) XL:     7   Next: 87%
Magic:  7/7        EV:  4    Int:  8 (9)  God:
Gold:   152        SH: 13    Dex:  9      Spells: 6/6 levels left

rFire   . . .        Y - +0 war axe (heavy)
rCold   . . .        o - +0 tower shield
rNeg    + + .        e - +0 chain mail
rPois   inf          (no helmet)
rElec   +            (no cloak)
rCorr   .            (no gloves)
SInv    +            (no boots)
Will    .....        (no amulet) Stlth
                     k - ring of positive energy
HPRegen 0.26/turn    c - ring of see invisible
MPRegen 0.10/turn

%: no passive effects
@: no status effects
A: sickness immunity, AC +4, negative energy resistance 1, electricity
resistance, torment resistance 1, petrification resistance
a: no special abilities


You were on level 5 of the Dungeon.
You visited 1 branch of the dungeon, and saw 5 of its levels.

You collected 302 gold pieces.
You spent 150 gold pieces at shops.


Innate Abilities, Weirdness & Mutations

You are immune to sickness and miasma.
Your stone body is resilient. (AC +4)
You are immune to poison.
You resist negative energy. (rN+)
You are resistant to electric shocks. (rElec)
You are resistant to unholy torment.
You are immune to petrification.


   Skills:
 - Level 3.3 Fighting
 - Level 5.6 Axes
 - Level 3.2 Armour
 + Level 7.4 Shields


You had 6 spell levels left.
You didn't know any spells.
Your spell library was empty.

Inventory:

Hand Weapons
 h - a +0 whip
 Y - a +0 heavy war axe (weapon)
Armour
 e - a +0 chain mail (worn)
 m - the +1 leather armour of Floral Happiness {Fly rElec rF- rCorr}
   (You found it on level 4 of the Dungeon)

   rF:        It makes you vulnerable to fire.
   rElec:     It insulates you from electricity.
   Fly:       It grants you flight.
   rCorr:     It protects you from acid and corrosion.
 o - a +0 tower shield (worn)
Jewellery
 c - a ring of see invisible (right hand)
 k - a ring of positive energy (left hand)
Wands
 j - a wand of digging (1)
Scrolls
 a - 5 scrolls of teleportation
 b - 2 scrolls of identify
Potions
 d - 2 potions of might
 g - a potion of attraction
 i - a potion of curing
 l - a potion of heal wounds

Dungeon Overview and Level Annotations

Branches:
Dungeon (5/15)
 Temple: D:4-7

Altars:
Gozag
Hepliaklqana
Zin

Shops:
D:4 =

Annotations:
D:3 1 runed translucent door, Crazy Yiuf
D:5 exclusion: 4 dart slugs


Message History

Enter note:
Enter note:
Enter note:
Enter note:
Enter note:
Enter note:
Enter note: The dart slug launches a dart at you.
The slug dart hits you but does no damage.
Enter note:
Found an escape hatch in the floor.
Enter note:
Enter note:
Enter note:
Enter note:
Enter note:
Enter note:
Enter note:
Enter note:
Enter note: An ogre comes into view. It is wielding a +0 giant club.
The ogre shouts!
Enter note:
Enter note:
Enter note:
Enter note:
Enter note:
Enter note:
Enter note:
Enter note:
Enter note: You barely miss the ogre.
You block the ogre's attack.
The ogre hits you with a +0 giant club!!
Ouch! That really hurt!
You completely miss the ogre. The ogre hits you with a +0 giant club!
You barely miss the ogre. The ogre hits you with a +0 giant club!
You die...

#...#####...#
#...........#
#...........#
........#
........#######
..............# .
..............#..#
######.....>....#
#....@....##
#....O...##
#......$.#
###......+
###.##.# #.. .#
##. . . ..


You could see an ogre.

Vanquished Creatures
  Sigmund (D:2)
  A phantom (D:5)
  3 scorpions
  A crimson imp (D:4)
  A hound (D:5)
  Ijyb (D:3)
  A jelly (D:4)
  2 iguanas
  5 adders
  3 gnolls (D:3)
  A white imp (D:4)
  A worm (D:4)
  10 dart slugs
  5 orcs
  7 ball pythons
  4 bats
  8 endoplasms
  2 giant cockroaches
  6 goblins
  11 hobgoblins
  4 jackals (D:1)
  3 quokkas
  2 frilled lizards
  9 kobolds
  4 rats
96 creatures vanquished.

Notes
Turn   | Place    | Note
-------+----------+-------------------------------------------
     0 | D:1      | qw the Gargoyle Fighter began the quest for the Orb.
     0 | D:1      | Reached XP level 1. HP: 14/14 MP: 1/1
     0 | D:1      | 0 ||| qw: Version: 0.2-a-102-gfc559e5
     0 | D:1      | 0 ||| qw: Game counter: 639
     0 | D:1      | 0 ||| qw: Always use a shield: true
     0 | D:1      | 0 ||| qw: God list: Okawaru
     0 | D:1      | 0 ||| qw: Allow faded altars: false
     0 | D:1      | 0 ||| qw: Do Orc after D:15 true
     0 | D:1      | 0 ||| qw: Do second Lair branch before Depths: true
     0 | D:1      | 0 ||| qw: Lair rune preference: random
     0 | D:1      | 0 ||| qw: Plans: Normal, Zot:1-4, Slime:5, God:TSO, Crypt,
                  | Tomb, Pan, Hells, Abyss, Win
     0 | D:1      | 0 ||| PLANNING D:1-11
   218 | D:1      | Reached XP level 2. HP: 19/19 MP: 2/2
   233 | D:1      | 233 ||| Stepping ~*~*~tactically~*~*~ (stealth).
   380 | D:1      | 380 ||| Stepping ~*~*~tactically~*~*~ (hiding).
   382 | D:1      | 382 ||| Stepping ~*~*~tactically~*~*~ (hiding).
   575 | D:1      | Found a faded altar of an unknown god.
   737 | D:1      | 737 ||| Stepping ~*~*~tactically~*~*~ (hiding).
   748 | D:1      | Reached skill level 3 in Axes
   783 | D:1      | Reached XP level 3. HP: 23/23 MP: 3/3
   793 | D:1      | 793 ||| Stepping ~*~*~tactically~*~*~ (hiding).
  1097 | D:1      | 1097 ||| Stepping ~*~*~tactically~*~*~ (stealth).
  1275 | D:1      | 1275 ||| UPGRADING to +0 chain mail.
  1285 | D:1      | 1285 ||| DROPPING +0 scale mail.
  1286 | D:1      | 1286 ||| READING 5 scrolls labelled IWOITOCWAM.
  1317 | D:2      | Identified the +0 robe of Ridwus {Will- Int+2 Archmagi}
  1470 | D:2      | Reached XP level 4. HP: 25/28 MP: 4/4
  1512 | D:2      | 1512 ||| Stepping ~*~*~tactically~*~*~ (stealth).
  1514 | D:2      | 1514 ||| Stepping ~*~*~tactically~*~*~ (hiding).
  1516 | D:2      | 1516 ||| Stepping ~*~*~tactically~*~*~ (hiding).
  1546 | D:2      | 1546 ||| Stepping ~*~*~tactically~*~*~ (stealth).
  1552 | D:2      | 1552 ||| Stepping ~*~*~tactically~*~*~ (stealth).
  1608 | D:2      | Noticed Sigmund
  1609 | D:2      | 1609 ||| Stepping ~*~*~tactically~*~*~ (hiding).
  1627 | D:2      | 1627 ||| FLEEEEING.
  1631 | D:2      | 1631 ||| FLEEEEING.
  1634 | D:2      | 1634 ||| FLEEEEING.
  1635 | D:2      | 1635 ||| FLEEEEING.
  1636 | D:2      | 1636 ||| FLEEEEING.
  1637 | D:2      | 1637 ||| FLEEEEING.
  1638 | D:2      | 1638 ||| FLEEEEING.
  1639 | D:2      | 1639 ||| FLEEEEING.
  1640 | D:2      | 1640 ||| FLEEEEING.
  1641 | D:2      | 1641 ||| FLEEEEING.
  1642 | D:2      | 1642 ||| FLEEEEING.
  1643 | D:2      | 1643 ||| FLEEEEING.
  1644 | D:2      | 1644 ||| FLEEEEING.
  1645 | D:2      | 1645 ||| FLEEEEING.
  1656 | D:2      | 1656 ||| FLEEEEING.
  1660 | D:2      | 1660 ||| FLEEEEING.
  1661 | D:2      | 1661 ||| FLEEEEING.
  1662 | D:2      | 1662 ||| FLEEEEING.
  1663 | D:2      | 1663 ||| FLEEEEING.
  1675 | D:2      | Killed Sigmund
  1676 | D:2      | Reached XP level 5. HP: 22/32 MP: 5/5
  1676 | D:2      | Reached XP level 6. HP: 25/37 MP: 6/6
  2072 | D:2      | 2072 ||| UPGRADING to +0 tower shield.
  2082 | D:2      | 2082 ||| DROPPING +0 buckler.
  2083 | D:2      | 2083 ||| UPGRADING to ring of positive energy.
  2084 | D:2      | 2084 ||| READING 2 scrolls labelled EHAPAR KU VEL.
  2085 | D:2      | 2085 ||| READING scroll labelled NECKAUXTINO.
  2086 | D:2      | 2086 ||| READING scroll labelled HEJ POOLUVEMEQ.
  2087 | D:2      | 2087 ||| READING scroll labelled LOMPE NENEYW.
  2088 | D:2      | 2088 ||| DRINKING 2 fuming yellow potions.
  2095 | D:2      | 2095 ||| DRINKING 2 clear potions.
  2096 | D:2      | 2096 ||| DROPPING potion of ambrosia.
  2154 | D:3      | Found a hazy altar of Hepliaklqana.
  2488 | D:3      | Found a runed translucent door.
  2489 | D:3      | Noticed Crazy Yiuf
  2809 | D:3      | 2809 ||| Stepping ~*~*~tactically~*~*~ (stealth).
  2829 | D:3      | Reached skill level 4 in Shields
  2830 | D:3      | Noticed Ijyb
  2831 | D:3      | 2831 ||| Stepping ~*~*~tactically~*~*~ (hiding).
  2839 | D:3      | Killed Ijyb
  3355 | D:3      | 3355 ||| READING scroll labelled NOCUNG YLUUNEU.
  3356 | D:3      | 3356 ||| READING scroll labelled QUODEC NIBLOH.
  3357 | D:3      | 3357 ||| READING scroll labelled VORAFYGUNN.
  3358 | D:3      | 3358 ||| DRINKING 3 lumpy cyan potions.
  3359 | D:3      | 3359 ||| READING 2 scrolls of identify.
  3359 | D:3      | 3359 ||| IDENTIFYING glowing blue potion
  3360 | D:3      | 3360 ||| DROPPING 2 potions of degeneration.
  3405 | D:4      | Found Yqocom's Jewellery Shoppe.
  3410 | D:4      | 3410 ||| SHOPLISTING +6 ring of dexterity (360 gold, have
                  | 164).
  3410 | D:4      | 3410 ||| SHOPLISTING amulet of guardian spirit (300 gold,
                  | have 164).
  3410 | D:4      | 3410 ||| SHOPLISTING amulet of regeneration (300 gold, have
                  | 164).
  3410 | D:4      | 3410 ||| SHOPLISTING brooch of Shielding {Spirit SH+8} (650
                  | gold, have 164).
  3410 | D:4      | 3410 ||| SHOPLISTING ring of resist corrosion (200 gold,
                  | have 164).
  3410 | D:4      | 3410 ||| BUYING ring of see invisible (150 gold).
  3410 | D:4      | Bought a ring of see invisible for 150 gold pieces
  3487 | D:4      | Reached skill level 5 in Shields
  3663 | D:4      | Found an opulent altar of Gozag.
  3722 | D:4      | 3722 ||| Stepping ~*~*~tactically~*~*~ (stealth).
  3968 | D:4      | Reached XP level 7. HP: 41/41 MP: 7/7
  4088 | D:4      | 4088 ||| Stepping ~*~*~tactically~*~*~ (hiding).
  4264 | D:4      | Identified the +1 leather armour of Floral Happiness {Fly
                  | rElec rF- rCorr}
  4507 | D:4      | Found a glowing silver altar of Zin.
  4522 | D:4      | 4522 ||| UPGRADING to ring of see invisible.
  4523 | D:4      | 4523 ||| READING scroll labelled UDUJOA ACSECY.
  4524 | D:4      | 4524 ||| READING 3 scrolls of identify.
  4524 | D:4      | 4524 ||| IDENTIFYING coppery potion
  4563 | D:5      | Entered Level 5 of the Dungeon
  4569 | D:5      | 4569 ||| STAIRDANCE
  4575 | D:4      | Reached skill level 6 in Shields
  4663 | D:5      | 4663 ||| Stepping ~*~*~tactically~*~*~ (hiding).
  4792 | D:5      | 4792 ||| Stepping ~*~*~tactically~*~*~ (hiding).
  4829 | D:5      | 4829 ||| Stepping ~*~*~tactically~*~*~ (stealth).
  4839 | D:5      | Reached skill level 7 in Shields
  4984 | D:5      | Slain by an ogre

Levels and vault maps discovered:
D:1:      co_arrival_square_in_a_square_in_a_square, layout_loops_corners,
          shapermc_ecumenical_altar_mp_vishouse, minmay_misc_feat_secret_circle
D:2:      minmay_kobold_bridge, layout_loops_ring, uniq_sigmund
D:3:      layout_loops_corners, nzn_hepliaklqana_mist_gate,
          kennysheep_generic_room_10, uniq_crazy_yiuf_cottage, uniq_ijyb
D:4:      layout_loops_corners, pdpol_temple_overflow_zin_treasury_gozag_greed,
          serial_shops, kennysheep_little_box, minmay_fire_ice_demons
D:5:      kennysheep_slugbush, layout_basic, gammafunk_temple_overflow_claw,
          serial_aquarium, aquarium_bridge_island_small
          [aquarium_subvault_small_open, aquarium_subvault_bridge,
          aquarium_subvault_bridge, aquarium_subvault_bridge,
          aquarium_subvault_wall], aquarium_window_corridor_2,
          aquarium_window_2, aquarium_window_fake, aquarium_window_fake,
          aquarium_view_2c, aquarium_view_2c, aquarium_balcony_1b,
          aquarium_pool_2

Skill      XL: |  1  2  3  4  5  6  7 |
---------------+----------------------+-----
Axes           | 2 3 5 |  5.6
Shields        | 5 7 |  7.4
Fighting       | |  3.3
Armour         | |  3.2

Action                     |  1- 3 |  4- 6 |  7- 9 || total
---------------------------+-------+-------+-------++-------
  Melee: War axe           |    88 |   150 |    55 ||   293
    Use: Scroll            |     1 |     8 |     2 ||    11
         Potion            |       |     3 |       ||     3
 Armour: Scale mail        |    33 |       |       ||    33
         Chain mail        |    18 |   115 |    25 ||   158
  Dodge: Dodged            |    35 |    36 |    11 ||    82
  Block: Buckler           |    14 |     1 |       ||    15
         Tower shield      |       |    97 |    37 ||   134

Table legend:
 A = Non-vault XP
 B = Vault XP
 C = Vault XP percentage of total XP
 D = Non-vault monster count
 E = Vault monster count
 F = Vault count percentage of total count
                 A         B        C        D         E       F
            +---------+---------+-------+---------+---------+-------
      Total |     754 |     372 |  33.0 |      81 |      15 |  15.6
            +---------+---------+-------+---------+---------+-------
        D:1 |      48 |       0 |   0.0 |      23 |       0 |   0.0
        D:2 |      60 |     250 |  80.6 |      15 |       5 |  25.0
        D:3 |     185 |      44 |  19.2 |      22 |       3 |  12.0
        D:4 |     192 |      58 |  23.2 |      16 |       2 |  11.1
        D:5 |     269 |      20 |   6.9 |       5 |       5 |  50.0
            +---------+---------+-------+---------+---------+-------
